Map: Lost and Found LE

Players

Elazer - Winner!

  • Race: Zerg Zerg
  • Spawn Location: 1:00

Solar

  • Race: Zerg Zerg
  • League: Platinum
  • Spawn Location: 7:00

Event: HomeStory Cup XVIII

VOD

Have the link to the VOD?

Description

Time

  • Played on: Nov. 24, 2018, 12:23 p.m.
  • Length: 7:48

All games in this series

Show
View Real Time Build Order
Export as new Build Order

Elazer Zerg - Winner!

Build Orders: Hatch First 

Get SALT Encoding   

  12  0:00  Drone  
  13  0:12  Overlord  
  13  0:17  Drone  
  14  0:31  Drone x2  
  16  0:47  Hatchery  
  15  0:51  Drone  
  15  0:54  Drone  
  17  0:58  Drone  
  18  1:08  Extractor  
  17  1:13  Spawning Pool  
  17  1:16  Drone  
  17  1:19  Drone  
  18  1:28  Drone  
  19  1:39  Drone  
  20  1:49  Drone  
  21  1:59  Queen  
  21  2:00  Queen, Drone  
  21  2:01  Overlord  
  26  2:10  Drone  
  26  2:11  Metabolic Boost, Zergling x2  
  28  2:21  Drone x2  
  30  2:31  Drone  
  30  2:32  Drone  
  32  2:38  Hatchery  
  32  2:42  Baneling Nest  
  30  2:46  Overlord  
  30  2:49  Drone  
  31  2:53  Drone  
  31  2:54  Drone  
  33  3:04  Drone x2  
  35  3:09  Drone x3  
  35  3:12  Overlord  
  38  3:14  Zergling x4  
  38  3:16  Zergling x2  
  41  3:22  Queen  
  41  3:26  Baneling  
  44  3:27  Zergling x2  
  44  3:32  Evolution Chamber, Zergling x2  
  44  3:38  Drone x2  
  46  3:43  Drone x3  
  46  3:44  Overlord  
  46  3:48  Drone x3  
  52  3:51  Drone  
  52  3:52  Drone  
  53  3:57  Drone  
  53  3:58  Zerg Missile Weapons Level 1  
  53  4:02  Drone  
  55  4:05  Drone  
  55  4:09  Drone  
  57  4:10  Lair  
  57  4:13  Extractor  
  57  4:15  Extractor, Roach Warren  
  54  4:18  Drone x4  
  54  4:21  Drone x2  
  54  4:22  Overlord  
  60  4:32  Extractor, Drone x5  
  60  4:33  Extractor  
  60  4:37  Overlord  
  63  4:42  Drone x2  
  63  4:43  Pneumatized Carapace  
  63  4:44  Overlord  
  65  4:46  Drone x2  
  67  4:53  Drone  
  67  4:54  Drone  
  67  4:59  Overlord  
  69  5:03  Drone x6  
  69  5:05  Overlord  
  75  5:07  Overlord  
  75  5:08  Glial Reconstitution  
  75  5:09  Overlord  
  74  5:17  Roach x4  
  82  5:22  Hatchery  
  82  5:27  Baneling  
  81  5:29  Roach x3  
  81  5:35  Roach x4  
  95  5:40  Overlord  
  95  5:45  Roach  
  95  5:46  Roach x2  
  101  5:50  Overlord  
  100  5:58  Roach x7  
  100  6:03  Overlord  
  112  6:09  Roach  
  112  6:10  Roach x4  
  122  6:13  Ravager  
  122  6:14  Ravager x3  
  122  6:15  Overlord  
  122  6:17  Overlord  
  126  6:20  Overlord  
  126  6:26  Roach x6  
  126  6:32  Overlord  
  138  6:37  Overlord  
  137  6:49  Overlord  
  137  6:50  Roach x7  
  146  7:01  Roach  
  146  7:02  Roach x8  
  146  7:07  Roach x3  
  170  7:09  Roach  
  172  7:20  Roach x4  
  172  7:22  Ravager, Overlord  
Show
View Real Time Build Order
Export as new Build Order

Solar Zerg 

Build Orders: Hatch First 

Get SALT Encoding   

  12  0:01  Drone  
  13  0:13  Overlord  
  13  0:16  Drone  
  14  0:31  Drone x2  
  16  0:47  Hatchery  
  15  0:50  Drone  
  15  0:54  Drone  
  17  0:57  Drone  
  18  1:05  Extractor  
  17  1:12  Spawning Pool  
  17  1:15  Drone  
  17  1:19  Drone  
  18  1:28  Drone  
  19  1:40  Drone  
  20  1:51  Overlord  
  20  1:59  Queen x2  
  20  2:00  Drone  
  25  2:01  Drone  
  25  2:06  Metabolic Boost  
  26  2:11  Drone x2  
  28  2:23  Drone x2  
  30  2:32  Hatchery  
  30  2:34  Drone  
  30  2:38  Drone  
  30  2:42  Zergling x2  
  32  2:45  Drone, Baneling Nest  
  32  2:54  Overlord  
  32  2:56  Drone  
  33  3:04  Zergling x2  
  34  3:07  Queen  
  34  3:12  Drone x4  
  40  3:13  Drone  
  40  3:15  Zergling x2  
  42  3:21  Overlord  
  42  3:23  Zergling x2  
  43  3:29  Baneling x2  
  43  3:31  Evolution Chamber  
  43  3:32  Drone  
  43  3:38  Drone  
  43  3:40  Drone  
  43  3:41  Drone  
  45  3:42  Drone  
  45  3:45  Drone x2  
  45  3:47  Drone  
  49  3:57  Zerg Missile Weapons Level 1  
  49  3:59  Drone x2, Roach Warren  
  49  4:00  Drone  
  49  4:02  Extractor x2  
  49  4:06  Overlord  
  49  4:07  Drone  
  49  4:08  Drone  
  51  4:13  Drone x3  
  51  4:16  Lair  
  54  4:17  Drone x2  
  54  4:19  Drone  
  54  4:21  Drone  
  57  4:27  Zergling x2  
  57  4:28  Zergling x4  
  57  4:30  Overlord  
  60  4:31  Drone  
  60  4:37  Drone x2  
  63  4:38  Drone  
  66  4:46  Overlord  
  66  4:47  Extractor, Overlord  
  66  4:48  Queen  
  66  4:50  Drone x2  
  69  4:54  Drone x3  
  69  4:55  Overlord  
  69  4:59  Zergling x2  
  73  5:00  Zergling x2  
  73  5:03  Zergling x4  
  73  5:05  Zergling x2  
  73  5:06  Drone  
  75  5:11  Drone  
  75  5:13  Extractor  
  75  5:15  Overlord  
  75  5:17  Overlord  
  75  5:19  Overlord  
  75  5:21  Drone x5  
  79  5:25  Extractor  
  79  5:26  Glial Reconstitution  
  79  5:27  Drone x4  
  82  5:29  Drone  
  82  5:30  Pneumatized Carapace  
  82  5:35  Roach x2  
  87  5:36  Overseer, Spore Crawler  
  87  5:42  Drone  
  87  5:45  Drone  
  87  5:46  Spore Crawler  
  87  5:47  Baneling x2  
  87  5:49  Roach, Hatchery  
  88  5:52  Drone x2  
  89  5:57  Overlord  
  89  6:00  Roach x4  
  96  6:04  Roach x2  
  96  6:06  Roach  
  96  6:09  Overlord  
  102  6:14  Roach x3  
  102  6:15  Overseer  
  102  6:16  Roach  
  110  6:20  Evolution Chamber  
  110  6:23  Roach  
  110  6:24  Roach  
  113  6:29  Roach x3  
  119  6:33  Roach x2  
  119  6:34  Roach  
  119  6:37  Roach x2  
  129  6:42  Roach  
  129  6:44  Overlord  
  129  6:45  Overlord  
  127  6:47  Roach  
  127  6:51  Ravager, Overlord  
  129  6:58  Overlord  
  129  7:00  Roach  
  128  7:01  Roach  
  128  7:02  Roach  
  128  7:04  Roach  
  128  7:07  Roach x2  
  136  7:09  Roach  
  136  7:11  Ravager x2  
  136  7:14  Ravager  
  141  7:16  Drone x3  
  141  7:18  Roach x2  
  141  7:22  Roach x2  
  152  7:26  Roach x2  
  152  7:28  Roach x2  
Tags
 
Add a new tag
Caveats
  • Supply blocks, unpowered buildings, or Contaminate may cause inaccurate times.
  • Supply counts are checked every 10 seconds.